 Dungeon Crawl Stone Soup version 0.28.0-45-g0d030f2227 (webtiles) character file.

Game seed: 16824478572172081934

1563 zeratav the Insei (level 8, 0/57 HPs)
             Began as an Octopode Transmuter on Apr 5, 2022.
             Was an Initiate of Ashenzari.
             Killed from afar by Dowan (8 damage)
             ... with a puff of flame
             ... on level 6 of the Dungeon.
             The game lasted 00:20:13 (8101 turns).

zeratav the Insei (Octopode Transmuter)             Turns: 8101, Time: 00:20:14

Health: 0/57       AC:  2    Str: 11    XL:     8   Next: 89%
Magic:  9/12       EV: 21    Int: 16    God:    Ashenzari [......]
Gold:   165        SH:  0    Dex: 17    Spells: 8/12 levels left

rFire   . . .      SeeInvis .     - Unarmed
rCold   . . .      Faith    .   (shield currently unavailable)
rNeg    . . .      Spirit   .   (helmet currently unavailable)
rPois   x          Reflect  .   (no amulet)
rElec   .          Harm     .   (no ring)
rCorr   .          Rampage  .   (no ring)
Will    .....                   (no ring)
Stlth   +++.......              (no ring)
HPRegen 0.19/turn               (no ring)
MPRegen 0.13/turn               (no ring)
                                (no ring)
                                (no ring)

@: spider-form (expiring), studying Maces & Flails
A: venomous fangs, almost no armour, (amphibious), 8 rings, tiny, (camouflage
1), (gelatinous body 1), (nimble swimmer 1), (tentacles)
a: End Transformation, Renounce Religion, Curse Item


You were on level 6 of the Dungeon.
You worshipped Ashenzari.
Ashenzari was noncommittal.
You were a venomous arachnid creature.
You visited 2 branches of the dungeon, and saw 7 of its levels.
You also visited: Sewer.

You collected 165 gold pieces.

Inventory:

Hand Weapons
 b - a +0 hand axe
 g - the +2 dagger of zeratav's Death {elec, rC+ Int+4}
   (You found it on level 5 of the Dungeon)

   It occasionally discharges a powerful burst of electricity upon striking a
   foe.
   Int:       It affects your intelligence (+4).
   rC:        It protects you from cold.
 t - a +2 dagger of venom
 v - a +3 short sword of draining (melded)
Missiles
 q - 116 bolts
Wands
 d - a wand of flame (25)
 n - a wand of acid (3)
 o - a wand of polymorph (21)
Scrolls
 c - 3 scrolls of fog
 e - 2 scrolls of teleportation
 f - 2 scrolls of identify
 i - a scroll of magic mapping
Potions
 a - 3 potions of flight
 h - 2 potions of attraction {unknown}
 j - a potion of cancellation {unknown}
 k - a potion of experience {unknown}
 l - 2 potions of brilliance {unknown}
 m - 5 potions of curing {unknown}
 p - 2 potions of haste {unknown}
 r - 2 potions of might {unknown}
 u - a potion of mutation {unknown}
 w - 3 potions of heal wounds {unknown}
 x - 2 potions of ambrosia {unknown}
 z - a potion of berserk rage {unknown}


   Skills:
 * Level 5.7 Fighting
 + Level 4.3 Dodging
 + Level 4.1 Stealth
 * Level 6.4 Unarmed Combat
 - Level 2.9 Spellcasting
 + Level 4.3 Transmutations
 + Level 1.7 Ice Magic


You had 8 spell levels left.
You knew the following spells:

 Your Spells              Type           Power      Damage    Failure   Level
a - Beastly Appendage     Tmut           32%        N/A       11%         1
b - Spider Form           Tmut/Pois      9%         N/A       43%         3

Your spell library contained the following spells:

 Spells                   Type           Power      Damage    Failure   Level
 Wereblood                Tmut           16%        N/A       14%         2
 Ice Form                 Ice/Tmut       12%        N/A       69%         4


Dungeon Overview and Level Annotations

Branches:
Dungeon (6/15)             Temple (1/1) D:4           Sewer (visited)

Altars:
Ashenzari
Cheibriados
Dithmenos
Elyvilon
Fedhas
Hepliaklqana
Okawaru
Qazlal
Sif Muna
Trog
Vehumet
Wu Jian
Xom
The Shining One

Shops:
D:5 !

Annotations:
D:6 Dowan


Innate Abilities, Weirdness & Mutations

You are a venomous arachnid creature.
You have poisonous fangs.
You are tiny and dextrous.
Your spellcasting is less reliable in this form.
Your armour is entirely melded.
You are incapable of wielding weapons or throwing items.
You cannot wear most types of armour.
((You are amphibious.))
You can wear up to eight rings at the same time.
((Your skin changes colour to match your surroundings (Stealth+).))
((Your rubbery body absorbs attacks. (AC +1, EV +1)))
((You are camouflaged when in or above water. (Stealth+)))
((You have tentacles for arms and can constrict up to eight enemies at once.))


Message History

The sky beast closely misses you.
You barely miss the sky beast.
Your transformation has ended.
Your +3 short sword of draining unmelds from your body.
You sense an unholy aura.
The sky beast closely misses you.
You hit the sky beast. You drain the sky beast.
Your squeeze misses the sky beast.
The sky beast is moderately wounded.
The sky beast flickers out of sight!
Deactivating autopickup; reactivate with Ctrl-A.
Something hits you. Something shocks you.
A sky beast appears from thin air!
Reactivating autopickup.
The sky beast hits you. The sky beast shocks you.
Casting: Spider Form (dangerous; 24% risk of failure)
Confirm with . or Enter, or press ? or * to list all spells.
You turn into a venomous arachnid creature.
Your +3 short sword of draining melds into your body.
The sky beast barely misses you. The sky beast misses you.
You bite the sky beast!
The sky beast looks as sick as possible!
The sky beast is severely wounded.
Dowan seems to find hidden reserves of power!
The sky beast hits you. The sky beast shocks you.
* * * LOW HITPOINT WARNING * * *
You hit the sky beast.
The sky beast is almost dead.
Dowan gestures wildly while chanting.
Dowan blinks!
The sky beast misses you.
You hit the sky beast.
The sky beast is almost dead.
You kill the sky beast!
Your Stealth skill increases to level 4!
You barely miss Dowan.
Your transformation is almost over.
Dowan hits you with a +0 dagger.
* * * LOW HITPOINT WARNING * * *
Dowan zaps a wand.
The puff of flame hits you!
* * * LOW HITPOINT WARNING * * *
You barely miss Dowan.
Dowan zaps a wand.
The puff of flame hits you!
You die...

## #. #.######
#.#....###
#.#......#
######.####s#.#
..........e)#.#
.......######.#
....e.. #.#
..e.... #.#
.......######.#
......?#......#
.......#.######
.{.....#.#


You could see Dowan (fast).

Vanquished Creatures
  Duvessa (D:6)
  2 ice beasts (D:5)
  A sky beast (D:6)
  A necrophage (D:4)
  A black bear (D:4)
  A phantom (D:4)
  5 kobold brigands
  A scorpion (D:3)
  A water moccasin skeleton (D:5)
  A hound (D:4)
  Crazy Yiuf (D:3)
  A jelly (D:6)
  Ijyb (D:5)
  Robin (D:2)
  3 gnolls (D:5)
  2 howler monkey skeletons (D:5)
  10 adders
  3 river rats (Sewer)
  2 shadow imps (D:5)
  A white imp (D:6)
  7 worms
  3 dart slugs
  5 orcs
  8 endoplasms
  3 giant cockroaches
  13 goblins
  16 hobgoblins
  2 jackals (D:3)
  5 quokkas
  11 ball pythons
  5 bats
  A frilled lizard (D:3)
  14 kobolds
  15 rats
148 creatures vanquished.

Notes
Turn   | Place    | Note
-------+----------+-------------------------------------------
     0 | D:1      | zeratav the Octopode Transmuter began the quest for the
                  | Orb.
     0 | D:1      | Reached XP level 1. HP: 13/13 MP: 3/3
   467 | D:1      | Reached XP level 2. HP: 18/18 MP: 3/5
   727 | D:1      | You fall into a shaft and drop 1 floor!
   981 | D:2      | Reached XP level 3. HP: 21/24 MP: 4/6
  1005 | D:2      | Learned a level 3 spell: Spider Form
  1239 | D:2      | Found a blossoming altar of Fedhas.
  1693 | D:2      | Noticed Robin
  1700 | D:2      | Killed Robin
  1701 | D:2      | Reached XP level 4. HP: 18/29 MP: 3/7
  2724 | D:3      | Reached XP level 5. HP: 35/35 MP: 6/8
  3145 | D:3      | Reached skill level 4 in Unarmed Combat
  3174 | D:3      | Found a blossoming altar of Fedhas.
  3809 | D:3      | Reached XP level 6. HP: 42/42 MP: 6/10
  3946 | D:3      | Found a runed translucent door.
  3948 | D:3      | Noticed Crazy Yiuf
  4052 | D:3      | Killed Crazy Yiuf
  4235 | D:4      | Found a staircase to the Ecumenical Temple.
  4244 | D:4      | Noticed a necrophage
  4245 | Temple   | Entered the Ecumenical Temple
  4303 | Temple   | Became a worshipper of Ashenzari the Shackled
  4331 | D:4      | Killed a necrophage
  4437 | D:4      | Found a glowing drain.
  4444 | Sewer    | Entered a sewer
  4571 | Sewer    | Reached XP level 7. HP: 12/47 MP: 8/11
  4820 | Sewer    | Reached skill level 1 in Stealth
  4820 | Sewer    | Reached skill level 5 in Unarmed Combat
  6073 | D:4      | Reached XP level 8. HP: 24/54 MP: 4/12
  6552 | D:5      | Entered Level 5 of the Dungeon
  6645 | D:5      | Reached skill level 5 in Fighting
  7048 | D:5      | Found Onoagem's Distillery.
  7136 | D:5      | Reached skill level 6 in Unarmed Combat
  7136 | D:5      | Reached skill level 1 in Ice Magic
  7341 | D:5      | Found a white marble altar of Elyvilon.
  7353 | D:5      | Identified the +2 dagger of zeratav's Death {elec, rC+
                  | Int+4}
  7637 | D:5      | Noticed Ijyb
  7649 | D:5      | Killed Ijyb
  8069 | D:6      | Noticed Duvessa
  8071 | D:6      | Noticed Dowan
  8088 | D:6      | Killed Duvessa
  8101 | D:6      | Killed from afar by Dowan

Illustrated notes

Levels and vault maps discovered:
D:1:      lightli_arrival_flooded_house, layout_loops_ring
D:2:      layout_rooms, basic_altar, minmay_snake_closets, uniq_robin
D:3:      layout_loops_corners, mainiacjoe_overflow_cross_hatched,
          minmay_mini_jars, uniq_crazy_yiuf_cottage
D:4:      layout_rooms, minmay_temple_entry_grid, gup_sewer_entry_bubbles,
          minmay_misc_feat_more_columns, minmay_manual_monstrance
D:5:      layout_basic, overflow_temple_1_default, serial_shops, shop, uniq_ijyb
D:6:      kennysheep_big_flooded_room, layout_basic, kennysheep_generic_room_15,
          uniq_duvessa
Temple:   dshaligram_water_room_temple

Skill      XL: |  1  2  3  4  5  6  7  8 |
---------------+-------------------------+-----
Fighting       | 2 3 4 5 |  5.7
Unarmed Combat | 4 5 6 |  6.4
Dodging        | 3 4 |  4.3
Transmutations | 3 4 |  4.3
Stealth        | 2 4 |  4.1
Ice Magic      | 1 |  1.7
Spellcasting   | |  2.9

Action                   |  1- 3 |  4- 6 |  7- 9 || total
-------------------------+-------+-------+-------++-------
Melee: Unarmed           |    29 |    97 |   134 ||   260
       Constrict         |    16 |    14 |    11 ||    41
       Tentacles         |    11 |    12 |    16 ||    39
       Kick              |     5 |       |       ||     5
       Hand axe          |    50 |     2 |       ||    52
       Punch             |     2 |     1 |     3 ||     6
       Dagger            |       |    44 |    35 ||    79
       Short sword       |       |       |    20 ||    20
 Cast: Beastly Appendage |    14 |     1 |       ||    15
       Spider Form       |     3 |    24 |    21 ||    48
 Abil: End Transformatio |       |     1 |       ||     1
  Use: Scroll            |       |     1 |     9 ||    10
 Stab: Sleeping          |     4 |     7 |     8 ||    19
Armor: Skin              |    10 |     7 |     5 ||    22
Dodge: Dodged            |    44 |   102 |   123 ||   269
